TOP OF THE 1ST |
Fort Myers Miracle batting - Pitching for Lakeland Flying Tigers : RHP Alex Garrett
|
Pitching: RHP Alex Garrett
|
|
Batting: SHB Manny Molina
|
0-0: SINGLE (Groundball, 56D, EV 98.1 MPH)
|
Batting: LHB Jon Ventura
|
0-0: SINGLE (Line Drive, 8LS, EV 95.0 MPH) Manny Molina to second Runner from 2nd tries for 3rd, SAFE after rundown.
|
Batting: RHB Ryan Gautney
|
0-0: Grounds into double play, U4-3 (Groundball, 6M, EV 88.1 MPH) Manny Molina scores
|
Batting: LHB Marshall Daul
|
0-0: Foul Ball, location: 2F 0-1: Ball 1-1: Ball 2-1: SINGLE (Line Drive, 8RS, EV 86.2 MPH)
|
Batting: LHB Tomas Espino
|
0-0: Ball 1-0: Foul Ball, location: 2F 1-1: Ball Marshall Daul steals 2nd base 2-1: Fly out, F7 (Flyball, 7, EV 75.6 MPH)
|
Top of the 1st over - 1 run, 3 hits, 0 errors, 1 left on base; Fort Myers 1 - Lakeland 0 |
BOTTOM OF THE 1ST |
Lakeland Flying Tigers batting - Pitching for Fort Myers Miracle : RHP Ruben Requena
|
Pitching: RHP Ruben Requena
|
|
Batting: RHB Brandon O'Malley
|
0-0: Called Strike 0-1: Ball 1-1: SINGLE (Groundball, 6MD, EV 103.1 MPH) (infield hit)
|
Batting: RHB Tanner Purchase
|
0-0: Ball 1-0: Ball 2-0: Called Strike 2-1: Ball 3-1: Foul Ball, location: 2F 3-2: SINGLE (Groundball, 56D, EV 98.8 MPH) Brandon O'Malley to second Brandon O'Malley to third
|
Batting: LHB Dave Carlisle
|
0-0: Foul Ball, location: 2F 0-1: Foul Ball, location: 2F 0-2: Ball 1-2: 3-RUN HOME RUN (Flyball, 7LD, EV 93.1 MPH), Distance : 354 ft
|
Batting: RHB J.J. Basil
|
0-0: Swinging Strike 0-1: Ground out 6-3 (Groundball, 6, EV 84.4 MPH)
|
Batting: RHB John Evancho
|
0-0: Ball 1-0: Ground out 5-3 (Groundball, 56, EV 106.2 MPH)
|
Batting: RHB Eric Angelle
|
0-0: Ball 1-0: Called Strike 1-1: Foul Ball, location: 2F 1-2: Foul Ball, location: 2F 1-2: Strikes out swinging
|
Bottom of the 1st over - 3 runs, 3 hits, 0 errors, 0 left on base; Fort Myers 1 - Lakeland 3 |
TOP OF THE 2ND |
Fort Myers Miracle batting - Pitching for Lakeland Flying Tigers : RHP Alex Garrett
|
Batting: RHB Tony Crespo
|
0-0: Bunt missed! 0-1: Swinging Strike 0-2: Ball 1-2: Ball 2-2: Foul Ball, location: 2F 2-2: Foul Ball, location: 2F 2-2: Foul Ball, location: 2F 2-2: Foul Ball, location: 2F 2-2: Foul Ball, location: 2F 2-2: Strikes out swinging
|
Batting: LHB Ben Roth
|
0-0: Ground out 4-3 (Groundball, 4, EV 80.6 MPH)
|
Batting: RHB Nestor Moreno
|
0-0: Ball 1-0: Ball 2-0: Swinging Strike 2-1: Called Strike 2-2: Fly out, F9 (Flyball, 9, EV 88.1 MPH)
|
Top of the 2nd over - 0 runs, 0 hits, 0 errors, 0 left on base; Fort Myers 1 - Lakeland 3 |
BOTTOM OF THE 2ND |
Lakeland Flying Tigers batting - Pitching for Fort Myers Miracle : RHP Ruben Requena
|
Batting: RHB Joel Miller
|
0-0: Ball 1-0: Ball 2-0: Ball 3-0: Called Strike 3-1: Base on Balls
|
Batting: RHB Benny O'Connor
|
0-0: Swinging Strike 0-1: Called Strike 0-2: Ball 1-2: Ball 2-2: Ball 3-2: Strikes out swinging
|
Batting: RHB Norm Wood
|
0-0: Swinging Strike 0-1: Fly out, F9 (Line Drive, 9S, EV 96.2 MPH)
|
Batting: RHB Brandon O'Malley
|
0-0: Fly out, F7 (Flyball, 78S, EV 70.0 MPH)
|
Bottom of the 2nd over - 0 runs, 0 hits, 0 errors, 1 left on base; Fort Myers 1 - Lakeland 3 |
TOP OF THE 3RD |
Fort Myers Miracle batting - Pitching for Lakeland Flying Tigers : RHP Alex Garrett
|
Batting: RHB Hisao Takei
|
0-0: Swinging Strike 0-1: Fly out, F8 (Flyball, 8LM, EV 89.4 MPH)
|
Batting: SHB Manny Molina
|
0-0: Called Strike 0-1: Ball 1-1: Foul Ball, location: 2F 1-2: Strikes out looking
|
Batting: LHB Jon Ventura
|
0-0: Ball 1-0: Called Strike 1-1: Ball 2-1: Foul Ball, location: 2F 2-2: Foul Ball, location: 2F 2-2: Foul Ball, location: 2F 2-2: Strikes out swinging
|
Top of the 3rd over - 0 runs, 0 hits, 0 errors, 0 left on base; Fort Myers 1 - Lakeland 3 |
BOTTOM OF THE 3RD |
Lakeland Flying Tigers batting - Pitching for Fort Myers Miracle : RHP Ruben Requena
|
Batting: RHB Tanner Purchase
|
0-0: Ball 1-0: Swinging Strike 1-1: Called Strike 1-2: Ball 2-2: Foul Ball, location: 2F 2-2: SOLO HOME RUN (Flyball, 8LXD, EV 115.0 MPH), Distance : 462 ft
|
Batting: LHB Dave Carlisle
|
0-0: Ball 1-0: Foul Ball, location: 2F 1-1: Ball 2-1: Ball 3-1: Foul Ball, location: 2F 3-2: Foul Ball, location: 2F 3-2: Fly out, F9 (Flyball, 9D, EV 82.5 MPH)
|
Batting: RHB J.J. Basil
|
0-0: Called Strike 0-1: Ball 1-1: Ball 2-1: Swinging Strike 2-2: Ground out 5-3 (Groundball, 5S, EV 66.9 MPH)
|
Batting: RHB John Evancho
|
0-0: Ball 1-0: Called Strike 1-1: Swinging Strike 1-2: Ball 2-2: Fly out, F7 (Line Drive, 7D, EV 91.9 MPH)
|
Bottom of the 3rd over - 1 run, 1 hit, 0 errors, 0 left on base; Fort Myers 1 - Lakeland 4 |
TOP OF THE 4TH |
Fort Myers Miracle batting - Pitching for Lakeland Flying Tigers : RHP Alex Garrett
|
Batting: RHB Ryan Gautney
|
0-0: Ground out 5-3 (Groundball, 56, EV 81.2 MPH)
|
Batting: LHB Marshall Daul
|
0-0: Swinging Strike 0-1: Swinging Strike 0-2: Strikes out looking
|
Batting: LHB Tomas Espino
|
0-0: Called Strike 0-1: Ball 1-1: Ground out 4-3 (Groundball, 34, EV 83.1 MPH)
|
Top of the 4th over - 0 runs, 0 hits, 0 errors, 0 left on base; Fort Myers 1 - Lakeland 4 |
BOTTOM OF THE 4TH |
Lakeland Flying Tigers batting - Pitching for Fort Myers Miracle : RHP Ruben Requena
|
Batting: RHB Eric Angelle
|
0-0: Swinging Strike 0-1: Ball 1-1: Foul Ball, location: 2F 1-2: Fly out, F8 (Flyball, 78M, EV 84.4 MPH)
|
Batting: RHB Joel Miller
|
0-0: Foul Ball, location: 2F 0-1: Called Strike 0-2: Fly out, F7 (Flyball, 78S, EV 89.4 MPH)
|
Batting: RHB Benny O'Connor
|
0-0: Called Strike 0-1: Foul Ball, location: 2F 0-2: Foul Ball, location: 2F 0-2: Ball 1-2: Ball 2-2: Strikes out looking
|
Bottom of the 4th over - 0 runs, 0 hits, 0 errors, 0 left on base; Fort Myers 1 - Lakeland 4 |
TOP OF THE 5TH |
Fort Myers Miracle batting - Pitching for Lakeland Flying Tigers : RHP Alex Garrett
|
Batting: RHB Tony Crespo
|
0-0: Ball 1-0: Called Strike 1-1: SINGLE (Line Drive, 4MD, EV 106.9 MPH)
|
Batting: LHB Ben Roth
|
0-0: Ball 1-0: Ball 2-0: Foul Ball, location: 2F 2-1: Called Strike 2-2: Foul Ball, location: 2F 2-2: Fly out, F7 (Flyball, 7LD, EV 103.8 MPH)
|
Batting: RHB Nestor Moreno
|
0-0: Foul Ball, location: 2F 0-1: Ball 1-1: Fielders Choice at 2nd, 5-4 (Groundball, 5, EV 86.9 MPH)
|
Batting: RHB Hisao Takei
|
0-0: Called Strike Nestor Moreno steals 2nd, throwing error, E2 Nestor Moreno to third 0-1: Ball 1-1: Ball 2-1: Ground out 5-3 (Groundball, 56S, EV 82.5 MPH)
|
Top of the 5th over - 0 runs, 1 hit, 1 error, 1 left on base; Fort Myers 1 - Lakeland 4 |
BOTTOM OF THE 5TH |
Lakeland Flying Tigers batting - Pitching for Fort Myers Miracle : RHP Ruben Requena
|
Batting: RHB Norm Wood
|
0-0: Ball 1-0: Ground out 5-3 (Groundball, 5L, EV 105.0 MPH)
|
Batting: RHB Brandon O'Malley
|
0-0: Called Strike 0-1: Fly out, F5 (Flyball, 5D, EV 90.6 MPH)
|
Batting: RHB Tanner Purchase
|
0-0: Ball 1-0: Swinging Strike 1-1: Swinging Strike 1-2: Ball 2-2: Ground out 6-3 (Groundball, 6, EV 88.1 MPH)
|
Bottom of the 5th over - 0 runs, 0 hits, 0 errors, 0 left on base; Fort Myers 1 - Lakeland 4 |
TOP OF THE 6TH |
Fort Myers Miracle batting - Pitching for Lakeland Flying Tigers : RHP Alex Garrett
|
Batting: SHB Manny Molina
|
0-0: Ball 1-0: Ball 2-0: Fly out, F9 (Flyball, 9D, EV 90.6 MPH)
|
Batting: LHB Jon Ventura
|
0-0: Ball 1-0: Called Strike 1-1: Ground out U3 (Groundball, 3, EV 110.6 MPH)
|
Batting: RHB Ryan Gautney
|
0-0: Swinging Strike 0-1: Foul Ball, location: 2F 0-2: Ball 1-2: Strikes out swinging
|
Top of the 6th over - 0 runs, 0 hits, 0 errors, 0 left on base; Fort Myers 1 - Lakeland 4 |
BOTTOM OF THE 6TH |
Lakeland Flying Tigers batting - Pitching for Fort Myers Miracle : RHP Ruben Requena
|
Batting: LHB Dave Carlisle
|
0-0: Ground out 3-1 (Groundball, 34S, EV 77.5 MPH)
|
Batting: RHB J.J. Basil
|
0-0: Called Strike 0-1: Foul Ball, location: 2F 0-2: Ground out 4-3 (Groundball, 4MS, EV 63.8 MPH)
|
Batting: RHB John Evancho
|
0-0: SINGLE (Flyball, 5D, EV 86.2 MPH)
|
Batting: RHB Eric Angelle
|
0-0: Called Strike 0-1: Swinging Strike 0-2: Strikes out swinging
|
Bottom of the 6th over - 0 runs, 1 hit, 0 errors, 1 left on base; Fort Myers 1 - Lakeland 4 |
TOP OF THE 7TH |
Fort Myers Miracle batting - Pitching for Lakeland Flying Tigers : RHP Alex Garrett
|
Batting: LHB Marshall Daul
|
0-0: Fly out, F4 (Flyball, 34D, EV 89.4 MPH)
|
Batting: LHB Tomas Espino
|
0-0: Ball 1-0: Ball 2-0: Called Strike 2-1: Foul Ball, location: 2F 2-2: Ground out 3-1 (Groundball, 34S, EV 82.5 MPH)
|
Batting: RHB Tony Crespo
|
0-0: Foul Ball, location: 2F 0-1: Ball 1-1: Ground out 6-3 (Groundball, 56, EV 76.9 MPH)
|
Top of the 7th over - 0 runs, 0 hits, 0 errors, 0 left on base; Fort Myers 1 - Lakeland 4 |
BOTTOM OF THE 7TH |
Lakeland Flying Tigers batting - Pitching for Fort Myers Miracle : RHP Ruben Requena
|
Batting: RHB Joel Miller
|
0-0: Called Strike 0-1: Foul Ball, location: 2F 0-2: DOUBLE (Line Drive, 78D, EV 109.4 MPH)
|
Batting: RHB Benny O'Connor
|
0-0: Intentional Walk
|
Pitching: LHP David Gordon
|
|
Batting: RHB Norm Wood
|
0-0: Fielders Choice at 2nd, 4-6 (Groundball, 4, EV 94.4 MPH) Joel Miller to third
|
Batting: RHB Brandon O'Malley
|
0-0: Called Strike 0-1: Ball 1-1: Swinging Strike 1-2: Foul Ball, location: 2F 1-2: Strikes out swinging
|
Batting: RHB Tanner Purchase
|
0-0: Called Strike 0-1: Foul Ball, location: 2F 0-2: Strikes out swinging
|
Bottom of the 7th over - 0 runs, 1 hit, 0 errors, 2 left on base; Fort Myers 1 - Lakeland 4 |
TOP OF THE 8TH |
Fort Myers Miracle batting - Pitching for Lakeland Flying Tigers : RHP Alex Garrett
|
Pitching: LHP Chris Thomas
|
|
Now at 2B: Dave Carlisle
|
|
Now at 3B: Chris Wagler
|
|
Now at SS: Norm Wood
|
|
Now in LF: Brandon O'Malley
|
|
Now in RF: J.J. Basil
|
|
Batting: LHB Ben Roth
|
0-0: Ball 1-0: Called Strike 1-1: Fly out, F8 (Flyball, 78M, EV 90.6 MPH)
|
Batting: RHB Nestor Moreno
|
0-0: Foul Ball, location: 2F 0-1: SINGLE (Line Drive, 9S, EV 91.2 MPH)
|
Batting: RHB Hisao Takei
|
0-0: Ball Wild Pitch! Nestor Moreno to second 1-0: Swinging Strike 1-1: Ball 2-1: Foul Ball, location: 2F 2-2: Foul Ball, location: 2F 2-2: Ball 3-2: Strikes out swinging
|
Batting: SHB Manny Molina
|
0-0: Called Strike 0-1: Called Strike 0-2: Ball 1-2: Ball 2-2: Strikes out swinging
|
Top of the 8th over - 0 runs, 1 hit, 0 errors, 1 left on base; Fort Myers 1 - Lakeland 4 |
BOTTOM OF THE 8TH |
Lakeland Flying Tigers batting - Pitching for Fort Myers Miracle : LHP David Gordon
|
Batting: LHB Dave Carlisle
|
0-0: Ball 1-0: Ball 2-0: DOUBLE (Flyball, 78XD, EV 108.1 MPH)
|
Batting: RHB J.J. Basil
|
0-0: Intentional Walk
|
Batting: SHB Chris Wagler
|
0-0: Ball 1-0: Called Strike 1-1: Ball 2-1: Foul Ball, location: 2F 2-2: Foul Ball, location: 2F 2-2: TRIPLE (Line Drive, 89XD, EV 99.4 MPH) Dave Carlisle scores J.J. Basil scores
|
Pitching: RHP Chad Casey
|
|
Batting: RHB Eric Angelle
|
0-0: Ball 1-0: Foul Ball, location: 2F 1-1: Ball 2-1: Ball 3-1: Swinging Strike 3-2: Ground out 5-3 (Groundball, 56, EV 108.1 MPH) Chris Wagler scores
|
Batting: RHB Joel Miller
|
0-0: Called Strike 0-1: Swinging Strike 0-2: Strikes out swinging
|
Batting: RHB Benny O'Connor
|
0-0: Called Strike 0-1: Ball 1-1: Foul Ball, location: 2F 1-2: Hit by Pitch
|
Batting: RHB Norm Wood
|
0-0: Ball 1-0: Swinging Strike 1-1: Swinging Strike 1-2: Foul Ball, location: 2F 1-2: Ball 2-2: Ball 3-2: Strikes out swinging
|
Bottom of the 8th over - 3 runs, 2 hits, 0 errors, 1 left on base; Fort Myers 1 - Lakeland 7 |
TOP OF THE 9TH |
Fort Myers Miracle batting - Pitching for Lakeland Flying Tigers : LHP Chris Thomas
|
Batting: LHB Jon Ventura
|
0-0: Called Strike 0-1: Swinging Strike 0-2: Ball 1-2: Foul Ball, location: 2F 1-2: Strikes out swinging
|
Batting: RHB Ryan Gautney
|
0-0: Ball 1-0: Ball 2-0: Foul Ball, location: 2F 2-1: Foul Ball, location: 2F 2-2: Strikes out swinging
|
Batting: LHB Marshall Daul
|
0-0: Called Strike 0-1: Foul Ball, location: 2F 0-2: Foul Ball, location: 2F 0-2: Ball 1-2: Foul Ball, location: 2F 1-2: Ball 2-2: Ball 3-2: Fly out, F9 (Flyball, 89M, EV 95.0 MPH)
|
Top of the 9th over - 0 runs, 0 hits, 0 errors, 0 left on base; Fort Myers 1 - Lakeland 7 |
|